 Dungeon Crawl Stone Soup version 0.29-a0-284-gf9362112df (webtiles) character file.

Game seed: 12175499121389717468

33702 mdonais the Slicer (level 13, -3/92 HPs)
             Began as an Octopode Brigand on Mar 28, 2022.
             Was a High Priest of Okawaru.
             Slain by an orc warrior
             ... wielding a +0 glaive
             ... led by an orc knight
              (28 damage)
             ... on level 2 of the Orcish Mines.
             The game lasted 01:10:55 (22316 turns).

mdonais the Slicer (Octopode Brigand)              Turns: 22316, Time: 01:10:56

Health: -3/92      AC:  1    Str: 17    XL:     13   Next: 72%
Magic:  0/27       EV: 19    Int: 16    God:    Okawaru [*****.]
Gold:   1138       SH:  6    Dex: 22    Spells: 13/18 levels left

rFire   + . .      SeeInvis .   X - +4 rapier (elec)
rCold   . . .      Faith    .   k - +0 buckler of the Hippo {rElec rF+ Int+3 Dex+4}
rNeg    . . .      Spirit   +   (helmet restricted)
rPois   .          Reflect  .   C - amulet of guardian spirit
rElec   +          Harm     .   g - ring of resist corrosion
rCorr   +          Rampage  .   J - ring of magical power
Will    .....                   S - +6 ring of strength
Stlth   ++++++....              (no ring)
HPRegen 0.25/turn               (no ring)
MPRegen 0.20/turn               (no ring)
                                (no ring)
                                (no ring)

@: no status effects
A: almost no armour, amphibious, 8 rings, camouflage 1, gelatinous body 1,
(nimble swimmer 1), tentacles
a: Renounce Religion, Heroism, Finesse, Duel


You were on level 2 of the Orcish Mines.
You worshipped Okawaru.
Okawaru was extremely pleased with you.
You visited 4 branches of the dungeon, and saw 17 of its levels.
You also visited: Ice Cave.

You collected 1138 gold pieces.

Inventory:

Hand Weapons
 e - the +6 trident "Pusientoa" {spect, rPois rCorr Str+4 Dex+2}
   (You found it on level 1 of the Lair of Beasts)

   When its wielder attacks, the weapon's spirit leaps out and strikes again.
   The spirit shares a part of any damage it takes with its wielder.
   Str:       It affects your strength (+4).
   Dex:       It affects your dexterity (+2).
   rPois:     It protects you from poison.
   rCorr:     It protects you from acid and corrosion.
 s - a +0 rapier of distortion
   (You took it off a kobold brigand on level 9 of the Dungeon)
 X - a +4 rapier of electrocution (weapon)
   (You found it on level 5 of the Dungeon)
 Y - a +0 scimitar of flaming
   (You took it off Erica on level 9 of the Dungeon)
Missiles
 b - 22 poisoned darts
 t - 11 boomerangs
 u - 4 silver boomerangs
 v - 5 javelins
 x - 5 silver javelins
 F - 8 curare-tipped darts (quivered)
 G - 3 datura-tipped darts
 Z - a throwing net {=!f}
Armour
 c - a +0 kite shield of cold resistance
   (You found it in an ice cave)
 k - the +0 buckler of the Hippo (worn) {rElec rF+ Int+3 Dex+4}
   (You found it on level 2 of the Dungeon)

   Int:       It affects your intelligence (+3).
   Dex:       It affects your dexterity (+4).
   rF:        It protects you from fire.
   rElec:     It insulates you from electricity.
Magical Staves
 d - a staff of poison
   (You found it on level 1 of the Dungeon)
Jewellery
 g - a ring of resist corrosion (left tentacle)
   (You found it on level 6 of the Dungeon)
 h - an amulet of the acrobat
   (You found it on level 1 of the Dungeon)
 C - an amulet of guardian spirit (around mantle)
   (You found it on level 7 of the Dungeon)
 J - a ring of magical power (right tentacle)
   (You took it off a kobold demonologist on level 9 of the Dungeon)
 S - a +6 ring of strength (on tentacle)
   (You found it on level 1 of the Lair of Beasts)
Wands
 i - a wand of polymorph (2)
   (You found it on level 1 of the Lair of Beasts)
 A - a wand of acid (11)
   (You found it on level 7 of the Dungeon)
 D - a wand of digging (3)
   (You found it on level 8 of the Dungeon)
 P - a wand of paralysis (12)
   (You took it off a hobgoblin on level 4 of the Dungeon)
 R - a wand of mindburst (7)
   (You found it on level 3 of the Lair of Beasts)
 V - a wand of flame (22)
   (You found it on level 5 of the Dungeon)
Scrolls
 a - 2 scrolls of vulnerability {unknown}
 f - 4 scrolls of immolation
 n - a scroll of fear
 o - a scroll of silence
 p - 4 scrolls of fog {unknown}
 q - 3 scrolls of enchant armour
 B - 3 scrolls of blinking
 L - 2 scrolls of summoning {unknown}
 M - 2 scrolls of magic mapping
 O - 2 scrolls of acquirement {unknown}
 T - 3 scrolls of teleportation
Potions
 j - a potion of invisibility {unknown}
 l - 2 potions of attraction
 m - 2 potions of heal wounds
 r - 2 potions of might
 w - a potion of flight {unknown}
 y - a potion of cancellation {unknown}
 z - 2 potions of brilliance
 E - a potion of berserk rage
 H - 5 potions of haste
 K - a potion of magic {unknown}
 N - a potion of experience {unknown}
 Q - 5 potions of curing
Miscellaneous
 U - a condenser vane
   (You found it in an ice cave)
 W - a lightning rod (4/4)
   (You found it in an ice cave)


   Skills:
 + Level 10.0 Fighting
 + Level 13.8 Short Blades
 - Level 6.0 Throwing
 + Level 8.1 Dodging
 - Level 9.5 Stealth
 - Level 5.0 Shields
 - Level 3.0 Spellcasting
 - Level 3.0 Transmutations
 - Level 3.0 Earth Magic
 + Level 7.1 Invocations
 + Level 6.1 Evocations


You had 13 spell levels left.
You knew the following spells:

 Your Spells              Type           Power      Damage    Failure   Level
a - Frozen Ramparts       Ice            4%         1d2       56%         3
b - Passwall              Tmut/Erth      10%        N/A       11%         2

Your spell library contained the following spells:

 Spells                   Type           Power      Damage    Failure   Level
 Beastly Appendage        Tmut           24%        N/A       7%          1
 Sandblast                Erth           24%        2d8       7%          1
 Wereblood                Tmut           12%        N/A       11%         2
 Freeze                   Ice            8%         1d3       24%         1
 Spider Form              Tmut/Pois      7%         N/A       36%         3
 Stone Arrow              Conj/Erth      14%        3d7       36%         3
 Ice Form                 Ice/Tmut       7%         N/A       77%         4
 Hailstorm                Conj/Ice       2%         3d3       93%         4
 Simulacrum               Ice/Necr       Unusable   N/A       N/A         6

Dungeon Overview and Level Annotations

Branches:
Dungeon (11/15)            Temple (1/1) D:6            Lair (3/6) D:11
 Spider (0/4) Lair:2          Orc (2/2) D:10          IceCv (visited)
  Swamp: Lair:2-4    Shoals: Lair:2-4       Elf: Orc:2

Altars:
Ashenzari
Cheibriados
Dithmenos
Elyvilon
Fedhas
Gozag
Hepliaklqana
Kikubaaqudgha
Makhleb
Nemelex Xobeh
Okawaru
Qazlal
Ru
Sif Muna
Trog
Uskayaw
Vehumet
Wu Jian
Xom
Yredelemnul
Zin
The Shining One
Lugonu

Shops:
D:5 [   D:6 [([

Portals:
Abyss: D:9

Annotations:
D:7 2 transporters, HuGe's ghost, novice MiBe
D:11 2 runed translucent doors, exclusion: shadow, siradein's ghost, journeyman DrNe


Innate Abilities, Weirdness & Mutations

You cannot wear most types of armour.
You are amphibious.
You can wear up to eight rings at the same time.
Your skin changes colour to match your surroundings (Stealth+).
Your rubbery body absorbs attacks. (AC +1, EV +1)
((You are camouflaged when in or above water. (Stealth+)))
You have tentacles for arms and can constrict up to eight enemies at once.


Message History

The orc knight seems to slow down.
The orc knight is lightly wounded.
The orc knight hits you with a +2 vorpal great mace!!
* * * LOW HITPOINT WARNING * * *
x2 You take 19 damage, and have 13/92 hp.
MASSIVE DAMAGE!!
You now have 3/27 mp.
You see here a +0 club.
The orc knight is no longer moving slowly.
The orc knight no longer looks unusually strong.
Things that are here:
a +0 robe; a +0 dagger
Things that are here:
a +0 dagger; a +1 vorpal hand axe The orc knight looks more healthy.
There is a staircase back to the Dungeon here.
You climb upwards.
Welcome back to the Dungeon!
There is a staircase to the Orcish Mines, spattered with blood here.
You start resting.
You feel like a meek peon again.
You regained 4 hp, and now have 22/92 hp.
You regained 3 mp, and now have 10/27 mp.
You start resting.
Magic restored.
You regained 21 hp, and now have 43/92 hp.
MP restored: 27 You start resting.
HP restored.
Health restored: 92 You gain the combat prowess of a mighty hero.
You now have 25/27 mp.
You climb downwards.
Welcome back to the Orcish Mines!
The orc knight hits you with a +2 vorpal great mace!!!
The orc knight hits you with a +2 vorpal great mace!!
There is a staircase back to the Dungeon, spattered with blood here.
You take 58 damage, and have 34/92 hp.
MASSIVE DAMAGE!!
You now have 8/27 mp.
Throw: 9 darts (curare)
Press: ? - help, Q - select action, (/) - cycle Shift-Dir - straight line, f - orc knight
Aim: an orc knight, wielding a +2 vorpal great mace and wearing a +0 plate armour (73% to hit)
You throw a curare-tipped dart.
The curare-tipped dart hits the orc knight.
The orc knight is poisoned.
The orc knight convulses.
The orc knight seems to slow down.
The orc knight is lightly wounded.
You puncture the orc knight! You grab the orc knight.
The orc knight is lightly wounded.
You constrict the orc knight, but do no damage.
You hit the orc knight but do no damage.
You squeeze the orc knight, but do no damage.
The orc knight is lightly wounded.
You constrict the orc knight. The orc knight closely misses you.
You hit the orc knight but do no damage.
Lightning courses through the orc knight!
You squeeze the orc knight, but do no damage.
The orc knight is moderately wounded.
You constrict the orc knight, but do no damage.
You completely miss the orc knight. You squeeze the orc knight!
The orc knight is heavily wounded.
You constrict the orc knight, but do no damage.
The orc knight completely misses you.
You puncture the orc knight! You squeeze the orc knight.
The orc knight is severely wounded.
You constrict the orc knight, but do no damage.
You hit the orc knight but do no damage.
You squeeze the orc knight!
The orc knight is almost dead.
You constrict the orc knight, but do no damage.
You hit the orc knight. You squeeze the orc knight.
The orc knight is almost dead.
You constrict the orc knight.
The orc knight hits you with a +2 vorpal great mace!!
* * * LOW HITPOINT WARNING * * *
x2 You take 19 damage, and have 16/92 hp.
MASSIVE DAMAGE!!
You now have 5/27 mp.
You puncture the orc knight!
You kill the orc knight!
Okawaru accepts your kill.
Items here: )) [[.
Okay, then.
You start resting.
You feel like a meek peon again.
You regained 2 hp, and now have 18/92 hp.
You regained 2 mp, and now have 7/27 mp.
You start resting.
Magic restored.
You regained 25 hp, and now have 43/92 hp.
MP restored: 27 You start resting.
HP restored.
Health restored: 92
(D) Dungeon (T) Temple (L) Lair (N) Spider Nest (O) Orcish Mines
Where to? (Enter - Orc:2, ? - help)
Things that are here:
a +0 dagger; a +1 vorpal hand axe
Things that are here:
a +0 hand axe; a +0 chain mail; a +0 war axe You see here a +1 hand axe of venom.
Things that are here:
a +0 flail; a +0 whip
There is a stone staircase leading down, spattered with blood here.
You climb downwards.
The orc knight shoots a bolt.
The bolt completely misses you. The orc misses you.
The orc knight shoots a bolt.
The bolt hits you. The orc barely misses you.
There is a stone staircase leading up, spattered with blood here.
You see here 2 datura-tipped darts.
You take 3 damage, and have 89/92 hp.
You puncture the orc!
You kill the orc!
Found 31 gold pieces.
The orc knight shoots a bolt.
You block the bolt.
You see here a +0 club.
The orc knight roars a battlecry!
The orc warrior goes into a battle-frenzy!
An orc wizard comes into view. It is wielding a +0 dagger.
You hit the orc knight but do no damage.
You grab the orc knight.
You constrict the orc knight, but do no damage.
The orc knight unwields a +0 arbalest.
The orc knight wields a +2 vampiric battleaxe.
The orc knight barely misses you.
An orc warrior comes into view. It is wielding a +0 trident.
You puncture the orc knight!
You squeeze the orc knight, but do no damage.
The orc knight is moderately wounded.
You constrict the orc knight. You hit the orc knight.
The orc knight is moderately wounded.
You constrict the orc knight, but do no damage.
The orc knight completely misses you. The orc warrior misses you.
You miss the orc wizard. Your grab misses the orc wizard.
You constrict the orc knight. You hit the orc wizard. You grab the orc wizard.
The orc wizard is moderately wounded.
You constrict the orc wizard. You constrict the orc knight.
The orc knight hits you with a +2 vampiric battleaxe!!
The orc knight draws strength from your wounds!
The orc wizard hits you with a +0 dagger.
The orc warrior hits you from afar with a +0 glaive!!
You take 40 damage, and have 51/92 hp.
MASSIVE DAMAGE!!
You now have 15/27 mp.
You puncture the orc wizard!
Lightning courses through the orc wizard!
You kill the orc wizard!
Okawaru accepts your kill.
You constrict the orc knight, but do no damage.
The orc knight roars a battlecry!
The orcs go into a battle-frenzy!
You release your grip on the orc knight.
The orc knight attacks as you move away!
The orc knight hits you with a +2 vampiric battleaxe!!
* * * LOW HITPOINT WARNING * * *
The orc knight draws strength from your wounds!
The orc warrior hits you from afar with a +0 glaive!!
You die...

.............$..
...............
#..............
#.......$......
........o.....
#.. .o.....#
##.##.....(#
#..<@......#
#..)..$o[(..#
#..........(.#
#...........<...
#.$.............
........$........
#................
.................


You could see an orc knight, an orc warrior (strong) and an orc wizard (strong).

Vanquished Creatures
  A catoblepas (Lair:2)
  2 ironbound frosthearts (IceCv)
  Erica (D:9)
  A two-headed ogre (D:6)
  5 death yaks (IceCv)
  2 orc knights (Orc:1)
  An orc sorcerer (Orc:2)
  A wolf spider (D:11)
  An ugly thing (D:9)
  2 oklob plants (Lair:2)
  A cyclops (D:11)
  3 elephants (Lair:3)
  An ice statue (IceCv)
  4 cane toads
  2 kobold demonologists (D:9)
  2 rime drakes
  A komodo dragon (Lair:3)
  8 polar bears (IceCv)
  7 trolls
  4 blink frogs (Lair:1)
  A slime creature (D:9)
  Sigmund (D:4)
  2 wyverns
  A basilisk (Lair:2)
  Grum (D:10)
  55 yaks
  3 vampire mosquitoes (D:10)
  A steam dragon (D:9)
  4 wargs
  2 acid dragons
  6 water moccasins
  8 orc warriors
  A sky beast (D:5)
  2 black bears
  4 ogres
  15 wolves
  2 centaurs
  A phantom (D:6)
  8 kobold brigands
  6 bullfrogs
  5 gnoll sergeants
  4 scorpions
  A necrophage (D:6)
  7 wights
  3 killer bees (D:7)
  4 howler monkeys
  2 hounds (D:5)
  6 orc priests
  4 jellies
  Ijyb (D:4)
  4 iguanas
  17 orc wizards
  13 adders
  11 gnolls
  16 white imps
  An ufetubus (D:4)
  2 worms
  4 dart slugs
  66 orcs
  6 ball pythons
  3 endoplasms
  8 giant cockroaches
  3 goblins
  7 hobgoblins
  12 jackals
  16 kobolds
  A quokka (D:2)
  13 bats
  4 frilled lizards
  8 rats
426 creatures vanquished.

Vanquished Creatures (others)
  A yak (IceCv)
  26 fungi
  2 plants
29 creatures vanquished.

Grand Total: 455 creatures vanquished

Notes
Turn   | Place    | Note
-------+----------+-------------------------------------------
     0 | D:1      | mdonais the Octopode Brigand began the quest for the Orb.
     0 | D:1      | Reached XP level 1. HP: 14/14 MP: 1/1
   299 | D:1      | Reached XP level 2. HP: 20/20 MP: 2/2
  1305 | D:1      | Reached XP level 3. HP: 21/25 MP: 3/3
  1482 | D:1      | Found a faded altar of an unknown god.
  1699 | D:2      | Reached skill level 3 in Short Blades
  1857 | D:2      | Reached XP level 4. HP: 25/31 MP: 4/4
  2104 | D:2      | Identified the +0 buckler of the Hippo {rElec rF+ Int+3
                  | Dex+4}
  2869 | D:3      | Identified the +1 robe of Incorporation {Regen+ Str+6}
  2884 | D:3      | Reached skill level 1 in Shields
  2921 | D:3      | Reached XP level 5. HP: 36/36 MP: 5/5
  3683 | D:4      | Found Leom Unn's Antique Armour Shoppe.
  3917 | D:4      | Reached XP level 6. HP: 42/42 MP: 6/6
  3920 | D:4      | Noticed Sigmund
  4654 | D:4      | Noticed Ijyb
  4662 | D:4      | Killed Ijyb
  4884 | D:4      | Killed Sigmund
  4885 | D:4      | Reached skill level 4 in Short Blades
  4885 | D:4      | Reached skill level 1 in Evocations
  4885 | D:4      | Reached XP level 7. HP: 47/47 MP: 7/7
  4993 | D:5      | Entered Level 5 of the Dungeon
  5410 | D:5      | Reached XP level 8. HP: 45/54 MP: 8/8
  5556 | D:5      | Found Xosaxzot's Armour Shoppe.
  5890 | D:6      | Noticed a two-headed ogre
  5895 | D:6      | Killed a two-headed ogre
  5896 | D:6      | Reached skill level 5 in Fighting
  5896 | D:6      | Reached skill level 5 in Short Blades
  5896 | D:6      | Reached skill level 5 in Dodging
  6147 | D:6      | Reached skill level 6 in Short Blades
  6170 | D:6      | Reached XP level 9. HP: 61/61 MP: 9/9
  6172 | D:6      | Found Qasakeugg's Antique Armour Shoppe.
  6420 | D:6      | Found Liotrup's Weapon Emporium.
  6434 | D:6      | Found Gog Ciwoisk's Armour Boutique.
  6562 | D:6      | Found a staircase to the Ecumenical Temple.
  6567 | Temple   | Entered the Ecumenical Temple
  6677 | Temple   | Became a worshipper of Warmaster Okawaru
  6958 | D:6      | Reached skill level 7 in Short Blades
  7060 | D:7      | Found a shadowy altar of Dithmenos.
  7591 | D:7      | Reached skill level 1 in Invocations
  7666 | D:7      | Found a transporter.
  7666 | D:7      | Noticed HuGe's ghost (novice MiBe)
  7667 | D:7      | Identified the +3 dire flail of Rotation {vorpal, Contam
                  | Int+3 Dex+5}
  7668 | D:7      | Found a transporter.
  7683 | D:7      | Reached * piety under Okawaru
  8490 | D:8      | Reached XP level 10. HP: 71/71 MP: 12/12
  9538 | D:9      | Reached ** piety under Okawaru
  9746 | D:9      | Noticed Erica
  9768 | D:9      | Killed Erica
  9769 | D:9      | Reached skill level 8 in Short Blades
  9769 | D:9      | Reached skill level 5 in Throwing
  9960 | D:9      | Identified the +1 robe of Cheibriados's Envy {Regen+}
 10229 | D:9      | Noticed a kobold demonologist
 10239 | D:9      | Killed a kobold demonologist
 10239 | D:9      | Reached *** piety under Okawaru
 10490 | D:9      | Found a large runed translucent door.
 10490 | D:9      | Found a large runed translucent door.
 10495 | D:9      | Found a corrupted altar of Lugonu.
 10531 | D:9      | Noticed a white ugly thing
 10655 | D:9      | Found a one-way gate to the infinite horrors of the Abyss.
 10942 | D:9      | Identified the +0 dagger of Discomfort {distort, rElec
                  | rPois rF+ Dex-4}
 10942 | D:9      | Noticed a kobold demonologist
 10992 | D:9      | Noticed a soul eater
 10995 | D:9      | Killed a kobold demonologist
 10998 | D:9      | Killed a white ugly thing
 11222 | D:10     | Entered Level 10 of the Dungeon
 11558 | D:10     | Learned a level 3 spell: Frozen Ramparts
 11604 | D:10     | Reached **** piety under Okawaru
 11610 | D:10     | Reached XP level 11. HP: 60/77 MP: 13/13
 11634 | D:10     | Received a gift from Okawaru
 12102 | D:10     | Received a gift from Okawaru
 12103 | D:10     | Reached skill level 5 in Evocations
 12152 | D:10     | Noticed Grum
 12171 | D:10     | Killed Grum
 12526 | D:10     | Found a staircase to the Orcish Mines.
 13032 | D:10     | Learned a level 2 spell: Passwall
 13089 | Orc:1    | Entered Level 1 of the Orcish Mines
 13096 | Orc:1    | Noticed an orc knight
 13108 | Orc:1    | an orc knight changed into a yak
 13239 | D:10     | Reached skill level 5 in Invocations
 13611 | Orc:1    | Reached ***** piety under Okawaru
 13815 | Orc:2    | Entered Level 2 of the Orcish Mines
 13815 | Orc:2    | Noticed an orc knight
 13815 | Orc:2    | Noticed an orc sorcerer
 13822 | Orc:2    | Killed an orc sorcerer
 13822 | Orc:2    | Received a gift from Okawaru
 13823 | Orc:2    | Reached skill level 1 in Spellcasting
 13823 | Orc:2    | Reached skill level 1 in Transmutations
 13823 | Orc:2    | Reached skill level 1 in Earth Magic
 13856 | Orc:2    | Noticed an orc knight
 14579 | D:11     | Found a staircase to the Lair.
 14587 | D:11     | Found a runed translucent door.
 14602 | D:11     | Reached skill level 9 in Short Blades
 14602 | D:11     | Noticed a wolf spider
 14609 | D:11     | Killed a wolf spider
 14991 | D:11     | Reached XP level 12. HP: 49/85 MP: 13/16
 15150 | D:11     | Noticed siradein's ghost (journeyman DrNe)
 15150 | D:11     | Noticed a lich
 15150 | D:11     | Noticed a four-headed hydra
 15151 | D:11     | Noticed a deep troll earth mage
 15180 | D:11     | Found a runed translucent door.
 15295 | D:11     | Received a gift from Okawaru
 15864 | Lair:1   | Entered Level 1 of the Lair of Beasts
 15897 | Lair:1   | Found a frozen archway.
 15916 | Lair:1   | Identified the +6 trident "Pusientoa" {spect, rPois rCorr
                  | Str+4 Dex+2}
 15956 | IceCv    | Entered an ice cave
 16151 | IceCv    | Noticed a death yak
 16152 | IceCv    | Noticed a death yak
 16152 | IceCv    | Noticed a death yak
 16174 | IceCv    | Killed a death yak
 16195 | IceCv    | Killed a death yak
 16203 | IceCv    | Killed a death yak
 16203 | IceCv    | Received a gift from Okawaru
 16814 | IceCv    | Noticed a death yak
 16833 | IceCv    | Noticed a death yak
 16834 | IceCv    | Killed a death yak
 17093 | IceCv    | Killed a death yak
 17093 | IceCv    | Received a gift from Okawaru
 17107 | IceCv    | Noticed an ironbound frostheart
 17124 | IceCv    | Reached skill level 5 in Shields
 17140 | IceCv    | Killed an ironbound frostheart
 17141 | IceCv    | Reached skill level 10 in Fighting
 17141 | IceCv    | Reached skill level 10 in Short Blades
 17303 | IceCv    | Noticed an ironbound frostheart
 17316 | IceCv    | Killed an ironbound frostheart
 17474 | IceCv    | Reached XP level 13. HP: 84/92 MP: 18/18
 17518 | IceCv    | Reached skill level 11 in Short Blades
 17915 | IceCv    | Received a gift from Okawaru
 18539 | Lair:1   | Reached skill level 12 in Short Blades
 18547 | Lair:1   | Reached ****** piety under Okawaru
 19156 | Lair:2   | Found a hole to the Spider Nest.
 19237 | Lair:2   | Found a blossoming altar of Fedhas.
 19242 | Lair:2   | Received a gift from Okawaru
 19317 | Lair:2   | Reached skill level 13 in Short Blades
 22316 | Orc:2    | Slain by an orc warrior

Illustrated notes

Levels and vault maps discovered:
D:1:      giann_bridges, layout_basic, shapermc_ecumenical_altar_ellora,
          minmay_misc_feat_four_crosses, kennysheep_pointless_box,
          dreamdust_wishing_well
D:2:      layout_basic, minmay_misc_feat_x
D:3:      layout_basic
D:4:      old_forge, layout_basic, serial_shops, nicolae_shop_hallway_plus,
          uniq_ijyb, uniq_sigmund
D:5:      layout_cave_pools, serial_shops, nicolae_shop_waterfront,
          chequers_serial_rivers_room_b, minivault_27, feat_on_display
D:6:      layout_loops_cross, minmay_temple_entry_nine_rooms, serial_shops,
          kennysheep_little_box, nicolae_take_the_stairs,
          nicolae_shop_bloodbath_and_beyond
D:7:      layout_rooms, grunt_dithmenos_smoke, gammafunk_ghost_smash
D:8:      layout_basic, nicolae_concentric_dashed_squares_mild,
          minmay_misc_feat_hallway
D:9:      due_chaos_kobolds, layout_loops_corners, uniq_erica
D:10:     layout_irregular_city, kennysheep_orc_monster_closet_entryway,
          minmay_fractal_squares_diagonal_5, uniq_grum
D:11:     layout_long_grid, lair_entry_dummy, muffindrake_ghost_dual_entry
Temple:   roderic_octagonal_lattice_temple
Lair:1:   layout_roguey, portal_ice_cave_entry_imps, infiniplex_staircase_pool
Lair:2:   layout_hall_layers, dummy_spider_entry, hangedman_tree_tricks,
          beast_lair_carwin_9
Lair:3:   layout_long_grid, grunt_megastairs_1
Orc:1:    layout_caves, abandoned_shop, nicolae_shop_firing_range
Orc:2:    kennysheep_orc_mage_school, layout_diamond_mine, serial_shops,
          nicolae_shop_behind_doors, mines2_david

Skill      XL: |  1  2  3  4  5  6  7  8  9 10 11 12 13 |
---------------+----------------------------------------+-----
Fighting       | 3 4 5 7 8 9 10 | 10.0
Short Blades   | 3 4 6 7 8 9 10 13 | 13.8
Shields        | 1 2 3 4 5 |  5.0
Dodging        | 2 3 5 7 8 |  8.1
Throwing       | 3 4 5 6 |  6.0
Evocations     | 1 2 3 4 5 6 |  6.1
Invocations    | 3 5 7 |  7.1
Stealth        | 6 7 9 |  9.5
Spellcasting   | 1 3 |  3.0
Transmutations | 2 3 |  3.0
Earth Magic    | 2 3 |  3.0

Action                   |  1- 3 |  4- 6 |  7- 9 | 10-12 | 13-15 || total
-------------------------+-------+-------+-------+-------+-------++-------
Melee: Dagger            |    59 |    18 |       |       |       ||    77
       Constrict         |    14 |    26 |    41 |    43 |    20 ||   144
       Tentacles         |    10 |    18 |    56 |   105 |    77 ||   266
       Short sword       |       |    94 |    35 |       |       ||   129
       Rapier            |       |       |   157 |   487 |   221 ||   865
       Punch             |       |       |     4 |    17 |     4 ||    25
Throw: Dart              |     6 |     5 |    26 |   113 |     2 ||   152
       Stone             |       |       |    11 |     3 |       ||    14
       Boomerang         |       |       |       |   100 |    34 ||   134
       Javelin           |       |       |       |     5 |       ||     5
 Cast: Passwall          |       |       |       |       |     1 ||     1
Invok: Heroism           |       |       |     1 |    18 |     7 ||    26
       Finesse           |       |       |       |     1 |       ||     1
Evoke: Wand              |       |       |       |    11 |       ||    11
  Use: Scroll            |       |       |       |    12 |     2 ||    14
       Potion            |       |       |       |     8 |       ||     8
 Stab: Sleeping          |    15 |    22 |    13 |     8 |    10 ||    68
       Distracted        |       |       |       |     1 |     1 ||     2
Armor: Skin              |     3 |     2 |     1 |    31 |     4 ||    41
Dodge: Dodged            |    30 |    33 |    79 |   268 |   119 ||   529
Block: Buckler           |       |    12 |    36 |    86 |    29 ||   163
       Kite shield       |       |       |       |    43 |    31 ||    74

Table legend: (Time is in decaauts)
 A = Elapsed time spent in this place.
 B = Non-inter-level travel time spent in this place.
 C = Inter-level travel time spent in this place.
 D = Time resting spent in this place.
 E = Time spent auto-exploring this place.
 F = Levels seen in this place.
 G = Mean time per level.
                   A        B        C        D        E       F      G
               +--------+--------+--------+--------+--------+-----+--------+
         Total |  22034 |  21368 |    666 |   8375 |   9107 |  18 | 1224.1 |
       Dungeon |  14917 |  14396 |    521 |   4922 |   7071 |  11 | 1356.1 |
        Temple |    243 |    224 |     19 |      0 |    200 |   1 |  243.0 |
          Lair |   2846 |   2769 |     77 |    608 |   1549 |   3 |  948.7 |
  Orcish Mines |   1900 |   1852 |     48 |   1533 |    112 |   2 |  950.0 |
      Ice Cave |   2126 |   2126 |      0 |   1312 |    175 |   1 | 2126.0 |
               +--------+--------+--------+--------+--------+-----+--------+

Top non-repeatable levels by time:
    D:10: 2542 daAuts
   IceCv: 2126 daAuts
   Orc:1: 1869 daAuts
     D:1: 1673 daAuts
     D:9: 1643 daAuts
     D:8: 1404 daAuts
     D:6: 1388 daAuts
    D:11: 1388 daAuts
     D:4: 1305 daAuts
     D:2: 1129 daAuts
  Lair:3: 1026 daAuts
  Lair:2: 946 daAuts
  Lair:1: 872 daAuts
     D:3: 836 daAuts
     D:5: 803 daAuts
